 Dungeon Crawl Stone Soup version 0.26-a0-683-g5206c1d7ac (webtiles) character file.

Game seed: 5773879987252676247

18323 1994 the Fencer (level 12, -3/72 HPs)
             Began as a Tengu Berserker on Oct 22, 2020.
             Was a High Priest of Trog.
             Slain by a slime creature (5 damage)
             ... on level 12 of the Dungeon.
             The game lasted 00:31:51 (12665 turns).

1994 the Fencer (Tengu Berserker)                  Turns: 12665, Time: 00:31:52

Health: -3/72      AC: 16    Str: 20    XL:     12   Next: 57%
Magic:  13/13      EV: 19    Int:  7    God:    Trog [*****.]
Gold:   796        SH:  0    Dex: 17    Spells: 11/11 levels left

rFire    . . .     SeeInvis .   a - +1 great sword (flame)
rCold    + . .     Faith    .   (shield currently unavailable)
rNeg     . . .     Spirit   .   G - +0 ice dragon scales
rPois    .         Reflect  .   (helmet restricted)
rElec    .         Harm     .   w - +0 cloak
rCorr    .         Rampage  .   z - +0 pair of gloves
MR       .....                  (boots unavailable)
Stlth    ..........             (no amulet)
HPRegen  0.22/turn              D - +4 ring of slaying
MPRegen  0.13/turn              h - ring of fire

@: flying quickly and evasively, quick
A: beak, talons 3, able to fly
a: Stop Flying, Berserk, Trog's Hand, Brothers in Arms, Renounce Religion


You were on level 12 of the Dungeon.
You worshipped Trog.
Trog was extremely pleased with you.
You visited 2 branches of the dungeon, and saw 13 of its levels.
You also visited: Sewer.

You collected 859 gold pieces.
You spent 63 gold pieces at shops.

Inventory:

Hand Weapons
 a - a +1 great sword of flaming (weapon)
 b - a +2 antimagic scimitar
 g - the +4 hunting sling "Ako Osm" {vorpal, Dex+2 SInv}
   (You found it on level 7 of the Dungeon)

   Any stone fired from it inflicts extra damage.
   It affects your dexterity (+2).
   It lets you see invisible.
 y - a +2 dagger of venom
 B - a cursed +5 great sword
Missiles
 e - 395 stones
 f - 119 sling bullets
 p - 21 boomerangs
 F - 50 poisoned darts (quivered)
 J - 6 atropa-tipped darts
 M - a throwing net
Armour
 w - a +0 cloak (worn)
 z - a +0 pair of gloves (worn)
 G - +0 ice dragon scales (worn)
 K - a +0 chain mail
Jewellery
 h - a ring of fire (right hand)
 j - an uncursed ring of protection from magic
 l - an uncursed ring of protection from cold
 r - an uncursed ring of positive energy
 u - an uncursed ring of stealth
 D - a +4 ring of slaying (left hand)
 O - an uncursed amulet of regeneration {unknown}
Wands
 q - a wand of flame (14)
 x - a wand of enslavement (8)
 A - a wand of polymorph (7)
 I - a wand of iceblast (2)
 Q - a wand of paralysis (13)
 T - a wand of random effects (27)
Scrolls
 c - 2 scrolls of magic mapping
 d - 7 scrolls of remove curse
 k - a scroll of random uselessness
 o - 2 scrolls of immolation
 C - a scroll of fog
 H - 2 scrolls of fear
 L - 7 scrolls of teleportation
 P - 3 scrolls of identify
 R - a scroll of torment {unknown}
Potions
 i - 3 potions of mutation
 m - 5 potions of heal wounds
 n - 3 potions of lignification
 s - 7 potions of might
 t - 8 potions of curing
 v - 3 potions of berserk rage
 E - 4 potions of stabbing
 N - a potion of ambrosia
Miscellaneous
 S - a box of beasts (3/3)


   Skills:
 - Level 7.0 Fighting
 + Level 15.3 Long Blades
 - Level 10.7 Armour
 - Level 9.7 Dodging


You had 11 spell levels left.
You didn't know any spells.
Your spell library was empty.

Dungeon Overview and Level Annotations

Branches:
Dungeon (12/15)            Temple (1/1) D:4            Lair (0/6) D:10
    Orc (0/2) D:10          Sewer (visited)

Altars:
Ashenzari
Cheibriados
Dithmenos
Elyvilon
Fedhas
Gozag
Hepliaklqana
Kikubaaqudgha
Makhleb
Nemelex Xobeh
Okawaru
Qazlal
Ru
Sif Muna
Trog
Uskayaw
Vehumet
Wu Jian
Xom
Yredelemnul
Zin
The Shining One

Shops:
D:9 *

Annotations:
D:12 3 runed translucent doors, qipq's ghost, journeyman FoEE


Innate Abilities, Weirdness & Mutations

You have a beak for a mouth.
You have claws for feet.
You can fly continuously.


Message History

You are too injured to fight recklessly!
You are too injured to fight recklessly!
You are too injured to fight recklessly!
The orc priest mumbles some strange prayers to Beogh against you.
Pain shoots through your body!
* * * LOW HITPOINT WARNING * * *
A bullfrog comes into view.
The bullfrog croaks.
A slime creature comes into view.
The bullfrog misses you. The bullfrog closely misses you.
A slime creature comes into view.
The slime creature quivers.
The slime creature quivers.
The bullfrog completely misses you.
The orc priest mumbles some strange prayers to Beogh against you.
Beogh smites you!
* * * LOW HITPOINT WARNING * * *
Two slime creatures merge to form a large slime creature.
The slime creature hits you.
You die...

.... ......J..#
#### ...........#
### ...#
...........###.#
#.#.
..........).##.##
...(
............##.#
.#.?
...........##..#
...}
..........#..##
###. #.
#.^......†..####
.# .#.
##...@.JJ.J...#
######.
##.F.J##....##
.......
##..#####.###
......#### ##..##
#..#
.........###..##
##h#
..##.........##
#.##
.....#......##
##J#
...........o# #.#
............##
#.## ##


You could see a large slime creature, 3 slime creatures, a bullfrog and an orc
priest.

Vanquished Creatures
  Erica (D:9)
  The ghost of DogServant the Grappler, a novice NaTm of Cheibriados (D:9)
  An ogre mage (D:12)
  6 two-headed ogres
  2 unseen horrors
  A deep elf mage (D:12)
  A komodo dragon (D:10)
  2 trolls (D:10)
  2 hornets
  A vampire (D:11)
  A wraith (D:10)
  Eustachio (D:4)
  5 yaks (D:11)
  2 swamp worms (D:10)
  4 water moccasins (D:10)
  11 orc warriors
  7 ice beasts
  7 sky beasts
  2 necrophages (D:12)
  A phantom (D:9)
  5 black bears
  6 ogres
  3 centaurs
  4 big kobolds
  5 bullfrogs
  4 scorpions
  8 killer bees
  13 wights
  5 electric eels
  8 howler monkeys
  The ghost of Ijustatesigmund the Sneak, a weakling SpDe (D:7)
  2 bullfrog zombies
  A quasit (D:12)
  2 bullfrog skeletons
  3 jellies
  9 orc priests
  5 hounds
  15 orc wizards
  3 centaur skeletons
  Terence (D:3)
  5 iguanas
  8 worker ants
  A hound skeleton (D:5)
  7 gnolls
  A worker ant zombie (D:5)
  22 adders
  3 river rats (D:4)
  A shadow imp (D:7)
  4 ufetubi
  2 oozes
  An adder skeleton (D:10)
  3 worms
  7 leopard geckos
  39 orcs
  5 ball pythons
  6 bats
  7 giant cockroaches
  9 goblins
  5 hobgoblins
  17 jackals
  26 kobolds
  3 quokkas
  9 frilled lizards
  A giant cockroach zombie (D:5)
  A jackal skeleton (D:4)
  A quokka zombie (D:6)
  17 rats
373 creatures vanquished.

Vanquished Creatures (others)
  47 fungi (D:10)
  39 plants
  A withered plant (D:8)
87 creatures vanquished.

Grand Total: 460 creatures vanquished

Notes
Turn   | Place    | Note
-------+----------+-------------------------------------------
     0 | D:1      | 1994 the Tengu Berserker began the quest for the Orb.
     0 | D:1      | Reached XP level 1. HP: 14/14 MP: 2/2
   134 | D:1      | Reached XP level 2. HP: 16/19 MP: 3/3
   150 | D:1      | Reached skill level 4 in Long Blades
   406 | D:1      | Found a broken altar of Ashenzari.
   603 | D:2      | Reached XP level 3. HP: 23/23 MP: 4/4
   815 | D:2      | Reached skill level 5 in Long Blades
   945 | D:2      | Reached XP level 4. HP: 26/28 MP: 5/5
   966 | D:2      | Reached ** piety under Trog
  1806 | D:3      | Found a glowing silver altar of Zin.
  1911 | D:2      | Reached skill level 6 in Long Blades
  2062 | D:3      | Gained mutation: You can fly continuously. [Tengu growth]
  2062 | D:3      | Reached XP level 5. HP: 32/32 MP: 6/6
  2636 | D:3      | Noticed Terence
  2641 | D:3      | Killed Terence
  2641 | D:3      | Reached skill level 7 in Long Blades
  2641 | D:3      | Reached XP level 6. HP: 37/37 MP: 7/7
  2871 | D:3      | Reached *** piety under Trog
  3253 | D:4      | Reached skill level 8 in Long Blades
  3328 | D:4      | Reached XP level 7. HP: 37/41 MP: 8/8
  3441 | D:4      | Reached skill level 9 in Long Blades
  3489 | D:4      | Noticed Eustachio
  3493 | D:4      | Killed Eustachio
  3524 | D:4      | Reached skill level 10 in Long Blades
  3526 | D:4      | Reached XP level 8. HP: 4/46 MP: 9/9
  3532 | D:4      | Found a staircase to the Ecumenical Temple.
  3612 | D:4      | Found a glowing drain.
  3620 | Sewer    | Entered a sewer
  3747 | Sewer    | Reached skill level 11 in Long Blades
  3750 | Sewer    | Reached **** piety under Trog
  4232 | Temple   | Entered the Ecumenical Temple
  4326 | D:5      | Entered Level 5 of the Dungeon
  4665 | D:5      | Found a sparkling altar of Nemelex Xobeh.
  4805 | D:5      | Found a sacrificial altar of Ru.
  4910 | D:5      | Found a snail-covered altar of Cheibriados.
  5353 | D:6      | Reached XP level 9. HP: 45/50 MP: 10/10
  5689 | D:6      | Reached skill level 5 in Armour
  5689 | D:6      | Reached skill level 5 in Dodging
  5696 | D:6      | Found a basalt altar of Yredelemnul.
  5783 | D:6      | Reached ***** piety under Trog
  6496 | D:7      | Found a large runed translucent door.
  6496 | D:7      | Found a large runed translucent door.
  6528 | D:7      | Noticed Ijustatesigmund's ghost (weakling SpDe)
  6651 | D:7      | Got a bloodstained hunting sling
  6696 | D:7      | Killed Ijustatesigmund's ghost
  6907 | D:7      | Found a shimmering blue altar of Sif Muna.
  6940 | D:7      | Identified Sif Muna's Collected Works on Toxins
  7132 | D:8      | Reached XP level 10. HP: 56/56 MP: 11/11
  7137 | D:8      | Received a gift from Trog
  7165 | D:8      | Found an ancient bone altar of Kikubaaqudgha.
  7233 | D:8      | Noticed a two-headed ogre
  7512 | D:8      | Killed a two-headed ogre
  8135 | D:9      | Identified the +4 hunting sling "Ako Osm" {vorpal, Dex+2
                  | SInv} (You found it on level 7 of the Dungeon)
  8264 | D:9      | Found a runed translucent door.
  8268 | D:9      | Noticed DogServant's ghost (novice NaTm)
  8361 | D:9      | Noticed Erica
  8381 | D:9      | Killed Erica
  8517 | D:9      | Paralysed by a hornet for 2 turns
  8911 | D:9      | Found Muoporch's Assorted Antiques.
  8916 | D:9      | Bought a scroll labeled QOYKHI SOSMOU for 22 gold pieces
  8916 | D:9      | Bought a scroll labeled QOYKHI SOSMOU for 22 gold pieces
  8916 | D:9      | Bought a cyan potion for 19 gold pieces
  9102 | D:9      | Reached skill level 10 in Armour
  9191 | D:9      | Killed DogServant's ghost
  9191 | D:9      | Reached XP level 11. HP: 28/60 MP: 12/12
  9361 | D:10     | Entered Level 10 of the Dungeon
  9630 | D:10     | Reached skill level 5 in Fighting
  9978 | D:10     | Found a staircase to the Orcish Mines.
 10061 | D:10     | Found a staircase to the Lair.
 10079 | D:10     | Noticed an unseen horror
 10083 | D:10     | Killed an unseen horror
 10837 | D:11     | Reached skill level 12 in Long Blades
 11173 | D:11     | Killed an unseen horror
 11355 | D:11     | Received a gift from Trog
 11365 | D:11     | Reached skill level 13 in Long Blades
 11371 | D:11     | Reached ****** piety under Trog
 11389 | D:11     | Reached XP level 12. HP: 66/72 MP: 13/13
 11565 | D:11     | Noticed a two-headed ogre
 11573 | D:11     | Killed a two-headed ogre
 11793 | D:12     | Noticed an ogre mage
 11794 | D:12     | Noticed a two-headed ogre
 11800 | D:12     | Noticed a two-headed ogre
 11805 | D:12     | Noticed a two-headed ogre
 11814 | D:12     | Noticed a two-headed ogre
 11818 | D:12     | Killed a two-headed ogre
 11818 | D:12     | Reached skill level 14 in Long Blades
 11820 | D:12     | Killed an ogre mage
 11824 | D:12     | Killed a two-headed ogre
 11826 | D:12     | Killed a two-headed ogre
 11829 | D:12     | Killed a two-headed ogre
 11830 | D:12     | Reached skill level 15 in Long Blades
 12531 | D:12     | Found a runed translucent gate.
 12531 | D:12     | Found a runed translucent gate.
 12531 | D:12     | Found a runed translucent gate.
 12531 | D:12     | Noticed a two-headed ogre
 12532 | D:12     | Noticed qipq's ghost (journeyman FoEE)
 12533 | D:12     | Noticed a minotaur
 12665 | D:12     | HP: 2/72 [orc priest/divine providence (13)]
 12665 | D:12     | Slain by a slime creature

Illustrated notes

Levels and vault maps discovered:
D:1:      nicolae_arrival_memento_mori, layout_rooms, evilmike_ruin_ashenzari
D:2:      minmay_recursive_quarters, layout_basic, minmay_close_crescents
D:3:      layout_loops_cross, nicolae_overflow_crystal_walls, uniq_terence
D:4:      layout_rooms, minmay_temple_entry_drinking_statues,
          lightli_sewer_entry_pipes, minivault_25, uniq_eustachio
D:5:      layout_loops_ring, nemelex_xobeh_ov_fountains_minmay,
          nicolae_ru_awakened_eye, kennysheep_little_box,
          kennysheep_decorative_pillar
D:6:      layout_cave_pools, kennysheep_mini_moat, st_stairs_3,
          kennysheep_minor_cross
D:7:      layout_cave_pools, ebering_ghost_disaster_area, led_sif_book
D:8:      layout_cave_pools, kiku_gazebo_garden_becter
D:9:      layout_roguey, ebering_ghost_inner_flame, serial_shops, shop,
          uniq_erica
D:10:     layout_basic, due_lair_maze_entry_diamond, erik_orc_2,
          minmay_liquid_box, worms_lemuel
D:11:     layout_basic
D:12:     layout_layer_cave, maelrawn_ghost_gauntlet_escape, serial_undead,
          serial_undead_d, serial_undead_d, serial_undead_f, serial_undead_a
Temple:   compressed_dpeg_circular_temple

Skill      XL: |  1  2  3  4  5  6  7  8  9 10 11 12 |
---------------+-------------------------------------+-----
Long Blades    | 4 5 6 7 8 10 11 13 15 | 15.3
Armour         | 4 7 10 | 10.7
Dodging        | 4 7 9 |  9.7
Fighting       | 7 |  7.0

Action                   |  1- 3 |  4- 6 |  7- 9 | 10-12 || total
-------------------------+-------+-------+-------+-------++-------
Melee: Falchion          |    50 |   104 |       |       ||   154
       Kick              |    13 |    38 |    88 |   152 ||   291
       Peck              |     7 |    25 |    49 |    80 ||   161
       Scimitar          |       |    10 |   243 |   266 ||   519
       Great sword       |       |       |       |    73 ||    73
 Fire: Hunting sling     |       |       |       |     4 ||     4
Throw: Dart              |       |       |       |     3 ||     3
Invok: Berserk           |       |     3 |     1 |     2 ||     6
       Trog's Hand       |       |     1 |     2 |     2 ||     5
 Abil: Fly               |       |     1 |       |       ||     1
Evoke: Wand              |       |       |       |    18 ||    18
  Use: Scroll            |       |     7 |     5 |     9 ||    21
Armor: Animal skin       |     2 |       |       |       ||     2
       Scale mail        |     8 |    27 |       |       ||    35
       Ring mail         |       |    10 |    34 |       ||    44
       Chain mail        |       |       |    33 |       ||    33
       Ice dragon scales |       |       |    13 |    94 ||   107
Dodge: Dodged            |    21 |    67 |   146 |   277 ||   511
       Rpst.: Falchion   |     5 |    25 |       |       ||    30
       Scimitar          |       |       |    39 |    43 ||    82
       Great sword       |       |       |       |    14 ||    14

Table legend: (Time is in decaauts)
 A = Elapsed time spent in this place.
 B = Non-inter-level travel time spent in this place.
 C = Inter-level travel time spent in this place.
 D = Time resting spent in this place.
 E = Time spent auto-exploring this place.
 F = Levels seen in this place.
 G = Mean time per level.
                   A        B        C        D        E       F      G
               +--------+--------+--------+--------+--------+-----+--------+
         Total |  12074 |  11552 |    522 |   3419 |   5219 |  14 |  862.4 |
       Dungeon |  11740 |  11226 |    514 |   3419 |   5125 |  12 |  978.3 |
        Temple |     75 |     67 |      8 |      0 |     49 |   1 |   75.0 |
         Sewer |    258 |    258 |      0 |      0 |     44 |   1 |  258.0 |
               +--------+--------+--------+--------+--------+-----+--------+

Top non-repeatable levels by time:
     D:2: 1607 daAuts
    D:10: 1380 daAuts
     D:9: 1313 daAuts
     D:3: 1100 daAuts
    D:11: 982 daAuts
     D:7: 980 daAuts
     D:5: 944 daAuts
     D:4: 767 daAuts
    D:12: 739 daAuts
     D:8: 702 daAuts
     D:6: 683 daAuts
     D:1: 538 daAuts
   Sewer: 258 daAuts
  Temple: 75 daAuts
